 Dungeon Crawl Stone Soup version 0.27-a0-909-g0721f309d1 (webtiles) character file.

Game seed: 11928906317559081599

1116 robertstho the Chopper (level 8, 0/71 HPs)
             Began as a Minotaur Berserker on Apr 8, 2021.
             Was a Priest of Trog.
             Slain by a vampire (11 damage)
             ... on level 5 of the Dungeon.
             The game lasted 00:03:36 (3497 turns).

robertstho the Chopper (Minotaur Berserker)         Turns: 3497, Time: 00:03:37

Health: 0/71       AC: 13    Str: 22    XL:     8   Next: 12%
Magic:  7/7        EV: 12    Int:  5    God:    Trog [***...]
Gold:   179        SH:  5    Dex: 17    Spells: 7/7 levels left

rFire    . . .     SeeInvis .   a - +0 hand axe
rCold    . . .     Faith    .   (no shield)
rNeg     . . .     Spirit   .   c - +0 ring mail
rPois    .         Reflect  +   (helmet restricted)
rElec    .         Harm     .   s - +2 cloak {Stlth+}
rCorr    .         Rampage  .   (no gloves)
Will     .....                  (no boots)
Stlth    ++........             w - amulet of reflection
HPRegen  0.21/turn              e - +4 ring of protection
MPRegen  0.10/turn              t - +6 ring of dexterity

@: on berserk cooldown, slowed, very slow
A: horns 2, retaliatory headbutt
a: Renounce Religion, Berserk, Trog's Hand


You were on level 5 of the Dungeon.
You worshipped Trog.
Trog was most pleased with you.
You visited 1 branch of the dungeon, and saw 5 of its levels.

You collected 179 gold pieces.

Inventory:

Hand Weapons
 a - a +0 hand axe (weapon)
 k - a +0 flail of holy wrath
Missiles
 y - a throwing net
Armour
 c - a +0 ring mail (worn)
 s - a +2 cloak of stealth (worn)
Jewellery
 e - a +4 ring of protection (left hand)
 t - a +6 ring of dexterity (right hand)
 w - an amulet of reflection (around neck)
Wands
 A - a wand of paralysis (8)
Scrolls
 b - 2 scrolls of amnesia {unknown}
 f - 8 scrolls of identify {unknown}
 h - 2 scrolls of magic mapping {unknown}
 m - a scroll of fog {unknown}
 n - a scroll of immolation {unknown}
 o - 3 scrolls of teleportation {unknown}
 p - a scroll of blinking {unknown}
 q - 2 scrolls of enchant armour {unknown}
 u - a scroll of noise {unknown}
 B - a scroll of holy word {unknown}
 C - a scroll of fear {unknown}
Potions
 d - 2 potions of curing {unknown}
 g - 3 potions of attraction {unknown}
 i - 3 potions of haste {unknown}
 j - a potion of berserk rage {unknown}
 l - 2 potions of degeneration {unknown}
 r - 4 potions of might {unknown}
 v - a potion of mutation {unknown}
 x - a potion of flight {unknown}
 z - 3 potions of lignification {unknown}


   Skills:
 * Level 6.9 Fighting
 + Level 7.6 Axes
 * Level 6.8 Armour
 + Level 3.4 Dodging
 + Level 0.9 Shields


You had 7 spell levels left.
You didn't know any spells.
Your spell library was empty.

Dungeon Overview and Level Annotations

Branches:
Dungeon (5/15)             Temple (0/1) D:5

Altars:
Elyvilon
Fedhas
Gozag
Nemelex Xobeh
Okawaru
Trog
Xom
Zin


Innate Abilities, Weirdness & Mutations

You have a pair of horns on your head.
You reflexively headbutt those who attack you in melee.


Message History

You slash the water moccasin zombie!
The water moccasin zombie is moderately damaged.
You miss something.
The water moccasin zombie bites you but does no damage.
You slash the water moccasin zombie!
Your headbutt misses the water moccasin zombie.
The water moccasin zombie is severely damaged.
You barely miss something. Something hits you!
Something bites you but does no damage.
The water moccasin zombie bites you but does no damage.
You completely miss something.
You closely miss the water moccasin zombie.
You hear some strange, mumbled words.
Something tries to affect you, but you resist.
You slash the water moccasin zombie!
The water moccasin zombie is severely damaged.
You completely miss something. The water moccasin zombie misses you.
You feel a strong urge to attack something.
You are no longer berserk.
Trog's vigour flows through your veins.
You are exhausted.
You feel yourself slow down.
The water moccasin zombie bites you but does no damage.
Something hits you but does no damage. Something bites you!
Something draws strength from your injuries!
You're too confused to move!
You feel less confused.
The water moccasin zombie closely misses you.
Something hits you! Something bites you.
Something draws strength from your injuries!
The water moccasin zombie bites you.
You barely miss the water moccasin zombie.
You headbutt the water moccasin zombie!
You destroy the water moccasin zombie!
Trog accepts your kill.
You miss something. Something hits you!
* * * LOW HITPOINT WARNING * * *
Something bites you but does no damage. Something hits you but does no damage.
Something bites you!
You die...

##...........
##.^..............
#................. .
#................. ..#
#........? .$..... #..
##########........# .......
..
.)......##........##.......
##
#######.##......@{.........
##### #..#....)............
#...# #..#.................
#....
#..##................##..##
#...##...........$..##....#
#....##............####..#.
#.....##..........## ##.##
#......##........## #...
#.......####''#### #...


There were no monsters in sight!

Vanquished Creatures
  Grinder (D:5)
  Menkaure (D:5)
  2 ogres (D:4)
  A water moccasin zombie (D:5)
  3 scorpions
  A centaur zombie (D:5)
  Crazy Yiuf (D:3)
  A hound (D:5)
  A gnoll shaman (D:5)
  3 iguanas
  2 hound zombies (D:5)
  A hound skeleton (D:4)
  Robin (D:4)
  11 gnolls
  4 adders
  A worm (D:2)
  An orc (D:2)
  7 endoplasms
  3 giant cockroaches
  13 goblins
  9 hobgoblins
  6 jackals
  A quokka (D:3)
  2 ball pythons
  4 bats
  A frilled lizard (D:3)
  5 kobolds
  5 rats
92 creatures vanquished.

Vanquished Creatures (others)
  An adder skeleton (D:4)
  3 jackals (D:4)
  A plant (D:2)
5 creatures vanquished.

Grand Total: 97 creatures vanquished

Notes
Turn   | Place    | Note
-------+----------+-------------------------------------------
     0 | D:1      | robertstho the Minotaur Berserker began the quest for the
                  | Orb.
     0 | D:1      | Reached XP level 1. HP: 19/19 MP: 0/0
   375 | D:1      | Reached skill level 4 in Axes
   375 | D:1      | Reached XP level 2. HP: 24/27 MP: 1/1
   966 | D:2      | Reached ** piety under Trog
   969 | D:2      | Reached XP level 3. HP: 33/34 MP: 2/2
  1010 | D:2      | Found an opulent altar of Gozag.
  1052 | D:2      | Found a faded altar of an unknown god.
  1547 | D:3      | Reached XP level 4. HP: 41/41 MP: 3/3
  1848 | D:3      | Found a runed translucent door.
  1849 | D:3      | Noticed Crazy Yiuf
  2243 | D:3      | Killed Crazy Yiuf
  2244 | D:3      | Reached skill level 5 in Fighting
  2244 | D:3      | Reached XP level 5. HP: 48/48 MP: 4/4
  2419 | D:4      | Noticed an ogre
  2422 | D:4      | Noticed Robin
  2427 | D:4      | Reached skill level 5 in Axes
  2429 | D:4      | Killed an ogre
  2430 | D:4      | Reached XP level 6. HP: 56/56 MP: 5/5
  2432 | D:4      | Reached *** piety under Trog
  2438 | D:4      | Killed Robin
  2441 | D:4      | Reached skill level 5 in Armour
  2476 | D:4      | Found a blossoming altar of Fedhas.
  2476 | D:4      | Found a glowing silver altar of Zin.
  2477 | D:4      | Found a white marble altar of Elyvilon.
  2477 | D:4      | Found a shimmering altar of Xom.
  2479 | D:4      | Found an iron altar of Okawaru.
  2685 | D:4      | Found a sparkling altar of Nemelex Xobeh.
  2696 | D:4      | Found a bloodstained altar of Trog.
  2752 | D:4      | Reached skill level 6 in Axes
  2772 | D:4      | Reached XP level 7. HP: 63/63 MP: 6/6
  2886 | D:5      | Entered Level 5 of the Dungeon
  2886 | D:5      | Noticed Menkaure
  2892 | D:5      | Killed Menkaure
  3031 | D:5      | Noticed Grinder
  3044 | D:5      | Paralysed by Grinder for 3 turns
  3051 | D:5      | Paralysed by Grinder for 3 turns
  3056 | D:5      | Killed Grinder
  3057 | D:5      | Reached skill level 7 in Axes
  3188 | D:5      | Reached XP level 8. HP: 59/71 MP: 7/7
  3227 | D:5      | Found a staircase to the Ecumenical Temple.
  3497 | D:5      | Slain by a vampire

Illustrated notes

Levels and vault maps discovered:
D:1:      saegor_arrival_under_anarchy, layout_basic, serial_bayou_pond_e
D:2:      layout_loops_ring, basic_altar, basic_ecumenical_altar,
          eino_tiny_chamber, corexii_shack
D:3:      layout_basic, uniq_crazy_yiuf_cottage
D:4:      layout_gridville, bloody_trog, grunt_temple_overflow_open,
          lemuel_old_faithful, uniq_natasha, uniq_robin
D:5:      kennysheep_big_flooded_room, layout_rooms,
          nicolae_overflow_hidden_temple, minmay_temple_entry_mini_moons,
          mrwooster_statue_mirror, minivault_5, grunt_ministairs_9,
          minmay_misc_feat_tiny, kennysheep_generic_room_8, uniq_grinder,
          uniq_menkaure

Skill      XL: |  1  2  3  4  5  6  7 |
---------------+----------------------+-----
Fighting       | 4 5 6 |  6.9
Axes           | 4 5 6 7 |  7.6
Armour         | 3 4 5 6 |  6.8
Dodging        | 3 |  3.4
Shields        | |  0.9

Action                   |  1- 3 |  4- 6 |  7- 9 || total
-------------------------+-------+-------+-------++-------
Melee: Hand axe          |    70 |    62 |    56 ||   188
       Headbutt          |     8 |    13 |    14 ||    35
Invok: Berserk           |     1 |     2 |     3 ||     6
Armor: Ring mail         |    30 |    25 |    27 ||    82
Dodge: Dodged            |    47 |    45 |    29 ||   121
Block: Other             |       |     9 |    11 ||    20

Table legend: (Time is in decaauts)
 A = Elapsed time spent in this place.
 B = Non-inter-level travel time spent in this place.
 C = Inter-level travel time spent in this place.
 D = Time resting spent in this place.
 E = Time spent auto-exploring this place.
 F = Levels seen in this place.
 G = Mean time per level.
                   A        B        C        D        E       F      G
               +--------+--------+--------+--------+--------+-----+--------+
         Total |   3535 |   3406 |    129 |    123 |   2769 |   5 |  707.0 |
       Dungeon |   3535 |   3406 |    129 |    123 |   2769 |   5 |  707.0 |
               +--------+--------+--------+--------+--------+-----+--------+

Top non-repeatable levels by time:
     D:1: 905 daAuts
     D:3: 775 daAuts
     D:4: 722 daAuts
     D:2: 633 daAuts
     D:5: 497 daAuts
